 Dungeon Crawl Stone Soup version 0.27-a0-1186-g8b4daa1eef (webtiles) character file.

Game seed: 8135307595037830820

746 robertstho the Magician (level 8, -1/51 HPs)
             Began as a Djinni Fire Elementalist on May 19, 2021.
             Was an Initiate of Ashenzari.
             Killed from afar by Dowan (19 damage)
             ... with a shard of ice
             ... on level 5 of the Dungeon.
             The game lasted 00:06:50 (6499 turns).

robertstho the Magician (Djinni Fire Elementalist)  Turns: 6499, Time: 00:06:51

Health: -1/51      AC:  2    Str:  8    XL:     8   Next: 5%
Gold:   189        EV: 13    Int: 18    God:    Ashenzari [......] SH:  0 Dex: 14

rFire    + + .     SeeInvis .   c - +0 dagger
rCold    x . .     Faith    .   (no shield)
rNeg     . . .     Spirit   .   a - +0 robe of Ashenzari's Lethargy {Evo, Fort} (curse)
rPois    ∞         Reflect  .   (no helmet)
rElec    .         Harm     .   (no cloak)
rCorr    .         Rampage  .   (no gloves)
Will     .....                  (boots unavailable)
Stlth    ++........             (no amulet)
HPRegen  0.17/turn              (no ring)
MPRegen  0.00/turn              (no ring)

@: flying, very slightly contaminated
A: sickness immunity, fire resistance 2, cold vulnerability 1, float, innate
caster, hp casting, extra vitality 1
a: Renounce Religion, Shatter the Chains


You were on level 5 of the Dungeon.
You worshipped Ashenzari.
Ashenzari was noncommittal.
You visited 1 branch of the dungeon, and saw 5 of its levels.

You collected 189 gold pieces.

Inventory:

Hand Weapons
 c - a +0 dagger (weapon)
Armour
 a - the cursed +0 robe of Ashenzari's Lethargy (worn) {Evo, Fort}

   It has a curse which improves the following skills: Evocations: Evocations.
   Fortitude: Armour and Shields.
Jewellery
 j - a ring of protection from fire
Scrolls
 b - a scroll of teleportation
 e - a scroll of immolation
 f - 2 scrolls of fog
 h - a scroll of holy word
Potions
 d - 3 potions of curing
 g - 2 potions of lignification
 i - a potion of heal wounds


   Skills:
 + Level 0.7 Fighting
 + Level 3.3 Dodging
 + Level 2.7 Stealth
 + Level 6.2 Spellcasting


You couldn't memorise any spells.
You knew the following spells:

 Your Spells              Type           Power      Damage    Failure   Level
a - Foxfire               Conj/Fire      100%       2x1d9     1%          1
b - Conjure Flame         Conj/Fire      28%        6-21      2%          3
c - Inner Flame           Hex/Fire       28%        N/A       2%          3
d - Sticky Flame          Conj/Fire      28%        2d5       9%          4
e - Fireball              Conj/Fire      14%        3d8       26%         5
f - Magic Dart            Conj           100%       1d8       1%          1
g - Passwall              Tmut/Erth      23%        N/A       1%          2
h - Ignite Poison         Fire/Tmut/Pois 28%        N/A       2%          3
Your spell library was empty.

Dungeon Overview and Level Annotations

Branches:
Dungeon (5/15)             Temple (0/1) D:5

Altars:
Ashenzari
Cheibriados
Elyvilon
Sif Muna
The Shining One

Annotations:
D:5 Dowan


Innate Abilities, Weirdness & Mutations

You are immune to sickness and miasma.
You are immune to poison.
Your flesh is very heat resistant. (rF++)
You are vulnerable to cold. (rC-)
You float through the air rather than walking.
You learn spells naturally, not from books.
Your magical power is your life essence.
You have superior vitality. (+4 HP)


Message History

Dowan is moderately wounded.
The foxfire hits Dowan.
Dowan is moderately wounded.
Casting: Foxfire (safe; 1% risk of failure)
Press: ? - help, Q - select action, (/) - cycle Dir - look around, f - activate You conjure some foxfire!
The foxfire hits Dowan but does no damage.
Dowan is moderately wounded.
The foxfire hits Dowan but does no damage.
Dowan is moderately wounded.
Dowan gestures at you while chanting. The stone arrow hits you!
Casting: Foxfire (safe; 1% risk of failure)
Confirm with . or Enter, or press ? or * to list all spells.
Aiming: Sticky Flame (dangerous; 9% risk of failure)
Press: ? - help, Shift-Dir - straight line, f - Dowan
Aim: Dowan, wielding a +2 dagger of holy wrath and wearing a +0 robe (moderately wounded, fast, ally target, 100% to hit)
You miscast Sticky Flame.
You are very lightly contaminated with residual magic.
Nothing appears to happen.
* * * LOW HITPOINT WARNING * * *
The foxfire hits Dowan.
Dowan is heavily wounded.
The foxfire hits Dowan.
Dowan is severely wounded.
Dowan says, "Magic will overcome all!"
Dowan hits you with a +2 dagger of holy wrath!
* * * LOW HITPOINT WARNING * * *
Dowan hits you with a +2 dagger of holy wrath.
* * * LOW HITPOINT WARNING * * *
You feel much better.
Dowan hits you with a +2 dagger of holy wrath.
Casting: Sticky Flame (dangerous; 9% risk of failure)
Confirm with . or Enter, or press ? or * to list all spells.
Aiming: Sticky Flame (dangerous; 9% risk of failure)
Press: ? - help, Shift-Dir - straight line, f - Dowan
Aim: Dowan, wielding a +2 dagger of holy wrath and wearing a +0 robe (severely wounded, fast, 100% to hit)
Dowan casts a spell at you. The shard of ice hits you!!
You feel a painful chill!
You die...

.≈§≈≈≈≈≈....# ##.....#
..≈§§>≈§§....# #.....#
..≈≈§§≈§≈....# #......
...≈§§≈≈.....#....##......
....≈≈≈......#....#......#
.............#....#......#
.............#....#.......
.........)...+....#.......
........e@...#....#.......
.............#....###....#
.............#....###....#
.............#............
.............'...........#
.............#...........#
.............#............
.............#...........#
............#...........#


You could see Dowan (fast).

Vanquished Creatures
  Duvessa (D:5)
  An ice beast (D:5)
  A black bear (D:4)
  An ogre (D:4)
  3 hounds
  An iguana (D:4)
  2 orc wizards
  A hound skeleton (D:5)
  6 adders
  A white imp (D:5)
  An adder skeleton (D:4)
  3 worms
  4 dart slugs
  5 orcs
  5 ball pythons
  7 bats
  14 endoplasms
  5 giant cockroaches
  9 goblins
  13 hobgoblins
  8 jackals
  8 kobolds
  A quokka (D:1)
  3 frilled lizards
  6 rats
110 creatures vanquished.

Vanquished Creatures (others)
  581 foxfires
581 creatures vanquished.

Grand Total: 691 creatures vanquished

Notes
Turn   | Place    | Note
-------+----------+-------------------------------------------
     0 | D:1      | robertstho the Djinni Fire Elementalist began the quest for
                  | the Orb.
     0 | D:1      | Reached XP level 1. HP: 15/15 MP: 0/0
    53 | D:1      | Reached XP level 2. HP: 10/21 MP: 0/0
   647 | D:1      | Found a faded altar of an unknown god.
   651 | D:1      | Reached skill level 3 in Spellcasting
   734 | D:1      | Reached XP level 3. HP: 20/25 MP: 0/0
   734 | D:1      | Learned a level 1 spell: Magic Dart
  1661 | D:2      | Reached XP level 4. HP: 4/31 MP: 0/0
  2999 | D:2      | Reached XP level 5. HP: 34/35 MP: 0/0
  2999 | D:2      | Learned a level 2 spell: Passwall
  3263 | D:3      | Found a broken altar of Ashenzari.
  3291 | D:3      | Reached skill level 4 in Spellcasting
  4349 | D:3      | Became a worshipper of Ashenzari the Shackled
  4382 | D:4      | Noticed a black bear
  4389 | D:4      | Killed a black bear
  4390 | D:4      | Reached XP level 6. HP: 31/41 MP: 0/0
  5058 | D:4      | Noticed an ogre
  5063 | D:4      | Killed an ogre
  5064 | D:4      | Reached skill level 5 in Spellcasting
  5064 | D:4      | Reached XP level 7. HP: 37/46 MP: 0/0
  5064 | D:4      | Learned a level 3 spell: Ignite Poison
  6031 | D:5      | Entered Level 5 of the Dungeon
  6196 | D:5      | Found a white marble altar of Elyvilon.
  6418 | D:5      | Found a glowing golden altar of the Shining One.
  6418 | D:5      | Found a snail-covered altar of Cheibriados.
  6446 | D:5      | Found a staircase to the Ecumenical Temple.
  6479 | D:5      | Noticed Duvessa
  6481 | D:5      | Noticed Dowan
  6493 | D:5      | Killed Duvessa
  6494 | D:5      | Reached skill level 6 in Spellcasting
  6494 | D:5      | Reached XP level 8. HP: 27/51 MP: 0/0
  6499 | D:5      | Killed from afar by Dowan

Illustrated notes

Levels and vault maps discovered:
D:1:      heliophobic_arrival_glass_houses, layout_basic,
          ebering_ecumenical_altar_hall
D:2:      layout_rooms
D:3:      layout_basic, ashenzari_altar_1
D:4:      layout_layer_cave, minmay_splitting_lines
D:5:      layout_gridville, tgw_sif, lemuel_round_altar, tgw_kikubaaqudgha,
          gammafunk_temple_overflow_wave, minmay_temple_entry_mist,
          kennysheep_small_square, uniq_sigmund, uniq_menkaure, uniq_duvessa

Skill      XL: |  1  2  3  4  5  6  7 |
---------------+----------------------+-----
Spellcasting   | 3 4 5 6 |  6.2
Stealth        | 2 |  2.7
Dodging        | 3 |  3.3
Fighting       | |  0.7

Action                   |  1- 3 |  4- 6 |  7- 9 || total
-------------------------+-------+-------+-------++-------
Melee: Dagger            |       |     8 |       ||     8
 Cast: Foxfire           |    81 |   195 |    76 ||   352
       Sticky Flame      |       |     1 |     3 ||     4
Invok: Curse Item        |       |       |     1 ||     1
  Use: Scroll            |       |     2 |       ||     2
       Potion            |       |       |     1 ||     1
Armor: Robe              |     8 |     2 |       ||    10
Dodge: Dodged            |    50 |    20 |     1 ||    71

Table legend: (Time is in decaauts)
 A = Elapsed time spent in this place.
 B = Non-inter-level travel time spent in this place.
 C = Inter-level travel time spent in this place.
 D = Time resting spent in this place.
 E = Time spent auto-exploring this place.
 F = Levels seen in this place.
 G = Mean time per level.
                   A        B        C        D        E       F      G
               +--------+--------+--------+--------+--------+-----+--------+
         Total |   6499 |   6340 |    159 |    358 |   5233 |   5 | 1299.8 |
       Dungeon |   6499 |   6340 |    159 |    358 |   5233 |   5 | 1299.8 |
               +--------+--------+--------+--------+--------+-----+--------+

Top non-repeatable levels by time:
     D:4: 1656 daAuts
     D:1: 1649 daAuts
     D:2: 1545 daAuts
     D:3: 1181 daAuts
     D:5: 467 daAuts
